Map: Automaton LE

Players

Reynor - Winner!

  • Race: Zerg Zerg
  • League: Master
  • Spawn Location: 9:00

Namshar

  • Race: Zerg Zerg
  • League: Grandmaster
  • Spawn Location: 3:00

Event: 2019 WCS Winter Europe

VOD

Have the link to the VOD?

Description

Time

  • Played on: Feb. 14, 2019, 11:38 a.m.
  • Length: 13:20

All games in this series

Show
View Real Time Build Order
Export as new Build Order

Reynor Zerg - Winner!

Build Orders: Hatch First 

Get SALT Encoding   

  12  0:00  Drone  
  13  0:12  Overlord  
  13  0:18  Drone  
  14  0:30  Drone x2  
  16  0:49  Hatchery  
  15  0:53  Drone  
  15  0:56  Drone  
  17  0:59  Drone  
  18  1:10  Extractor  
  17  1:16  Spawning Pool  
  16  1:19  Drone  
  16  1:23  Drone  
  18  1:28  Drone  
  19  1:39  Drone  
  20  1:49  Drone  
  21  2:02  Queen x2  
  21  2:03  Drone x2  
  27  2:10  Overlord  
  27  2:13  Drone  
  28  2:16  Metabolic Boost  
  28  2:29  Drone x2  
  30  2:40  Hatchery  
  30  2:43  Drone x2  
  31  2:45  Drone  
  32  2:51  Zergling x2  
  32  2:54  Baneling Nest  
  32  2:55  Zergling x2  
  33  2:59  Overlord  
  33  3:04  Drone  
  34  3:05  Drone  
  35  3:13  Zergling x2  
  35  3:16  Overlord  
  35  3:17  Drone x2  
  35  3:18  Drone  
  35  3:19  Zergling x2  
  40  3:22  Zergling x2  
  40  3:24  Drone  
  42  3:29  Drone  
  42  3:34  Queen  
  43  3:35  Drone  
  43  3:37  Baneling  
  43  3:38  Baneling  
  43  3:40  Zergling x2  
  47  3:43  Drone x2  
  47  3:46  Drone  
  47  3:47  Evolution Chamber  
  49  3:51  Drone x2  
  49  3:52  Drone  
  49  3:53  Drone  
  52  3:58  Drone x2  
  52  3:59  Drone  
  55  4:04  Lair  
  55  4:09  Drone x2  
  57  4:11  Extractor, Drone  
  57  4:13  Zergling x2  
  58  4:20  Overlord  
  58  4:26  Extractor  
  58  4:28  Extractor, Queen, Zerg Melee Weapons Level 1  
  58  4:31  Overlord  
  57  4:38  Drone x3  
  57  4:39  Drone x2  
  57  4:40  Zergling x6  
  57  4:44  Drone  
  66  4:47  Overlord  
  66  4:54  Zergling x8  
  66  4:57  Drone  
  71  5:01  Overlord  
  71  5:06  Drone x2  
  72  5:13  Drone, Spire  
  73  5:14  Extractor, Drone x3  
  73  5:17  Overlord, Extractor  
  73  5:20  Zergling x2  
  74  5:22  Drone  
  75  5:33  Overlord  
  75  5:38  Zergling x10  
  75  5:39  Zergling x4  
  82  5:53  Drone x7  
  89  6:01  Overlord  
  89  6:17  Baneling  
  89  6:22  Drone x3  
  89  6:24  Mutalisk  
  89  6:25  Mutalisk x9  
  110  6:28  Zergling x4  
  110  6:31  Hatchery  
  110  6:32  Zergling x2  
  114  6:39  Overlord  
  111  6:40  Zergling x2  
  111  6:41  Drone x2  
  111  6:43  Zerg Flyer Armor Level 1  
  111  6:44  Overlord  
  111  6:52  Mutalisk x3  
  109  6:55  Drone x5  
  114  7:03  Mutalisk x2  
  114  7:07  Zergling x4  
  120  7:11  Hatchery  
  120  7:12  Overlord x2  
  120  7:15  Overlord  
  119  7:17  Overlord  
  119  7:31  Mutalisk x2  
  119  7:32  Mutalisk x2  
  120  7:38  Zergling x4  
  120  7:39  Zergling x18  
  130  7:45  Mutalisk x2  
  128  7:51  Mutalisk  
  128  7:52  Mutalisk  
  128  7:55  Zergling x4  
  134  8:01  Mutalisk  
  134  8:03  Zergling x2  
  137  8:14  Mutalisk x2  
  137  8:16  Zergling x2  
  137  8:17  Zergling x2  
  137  8:19  Overlord  
  143  8:21  Overlord x2  
  143  8:23  Extractor  
  143  8:24  Mutalisk, Zergling x2  
  143  8:25  Zergling x8  
  143  8:26  Extractor  
  134  8:32  Mutalisk  
  117  8:36  Mutalisk  
  117  8:38  Zergling x4  
  117  8:39  Mutalisk  
  117  8:50  Mutalisk x2  
  117  8:52  Zergling x2  
  117  8:53  Zergling x18  
  129  8:59  Mutalisk x2  
  129  9:01  Zergling x2  
  129  9:02  Queen  
  136  9:07  Zergling x6  
  138  9:10  Mutalisk  
  138  9:13  Baneling x2  
  138  9:15  Mutalisk  
  138  9:16  Mutalisk  
  141  9:20  Zergling x12  
  139  9:31  Mutalisk x3  
  137  9:39  Mutalisk x2  
  134  9:46  Zergling x14  
  134  9:47  Zergling x2  
  134  9:49  Mutalisk x2  
  137  9:57  Spore Crawler  
  137  9:58  Mutalisk x2  
  140  10:10  Mutalisk x3  
  131  10:19  Zergling x20  
  127  10:28  Mutalisk x3  
  127  10:33  Drone x4  
  128  10:36  Mutalisk  
  128  10:41  Mutalisk x2  
  134  10:44  Drone  
  135  10:52  Mutalisk x2  
  135  10:53  Zergling x2  
  130  11:01  Drone x5  
  121  11:11  Mutalisk x3  
  116  11:12  Mutalisk  
  116  11:14  Drone  
  125  11:23  Spore Crawler  
  123  11:28  Mutalisk x2  
  123  11:32  Zergling x6  
  130  11:38  Mutalisk  
  125  11:40  Mutalisk  
  125  11:43  Drone x2  
  129  11:47  Drone x2  
  129  11:48  Drone  
  129  11:51  Baneling x2  
  132  11:57  Mutalisk x2  
  134  12:05  Zergling x8  
  133  12:12  Zergling x2  
  133  12:13  Zergling x8  
  137  12:16  Mutalisk  
  137  12:17  Zergling x2  
  137  12:20  Overlord  
  140  12:26  Mutalisk x2  
  139  12:34  Mutalisk x3  
  145  12:43  Mutalisk x2  
  147  12:51  Zergling x14  
  160  12:58  Zergling x2  
  160  13:01  Zergling x4  
Show
View Real Time Build Order
Export as new Build Order

Namshar Zerg 

Build Orders: Hatch First 

Get SALT Encoding   

  12  0:00  Drone  
  13  0:12  Overlord  
  13  0:17  Drone  
  14  0:30  Drone x2  
  16  0:49  Hatchery  
  15  0:52  Drone  
  15  0:55  Drone  
  17  0:59  Drone  
  18  1:09  Extractor  
  17  1:14  Spawning Pool  
  17  1:17  Drone  
  17  1:21  Drone  
  18  1:28  Drone  
  19  1:38  Drone  
  20  1:49  Drone  
  21  2:00  Queen x2, Drone  
  21  2:01  Overlord  
  26  2:11  Metabolic Boost, Drone  
  26  2:14  Drone  
  28  2:21  Drone  
  29  2:23  Drone  
  30  2:32  Drone  
  30  2:33  Drone  
  32  2:39  Hatchery  
  32  2:44  Drone  
  32  2:47  Baneling Nest  
  32  2:51  Overlord  
  31  2:55  Drone  
  32  2:59  Drone  
  32  3:04  Drone  
  32  3:05  Drone  
  35  3:09  Drone x3  
  38  3:13  Zergling x4  
  38  3:14  Zergling x2  
  38  3:19  Queen  
  41  3:23  Overlord  
  43  3:27  Overlord  
  43  3:32  Drone  
  44  3:36  Baneling x2  
  44  3:42  Drone x3  
  44  3:43  Drone x2  
  44  3:44  Drone x2  
  51  3:50  Drone  
  51  3:54  Evolution Chamber, Extractor  
  51  3:55  Extractor  
  48  3:56  Baneling  
  48  3:58  Lair  
  48  4:01  Drone  
  48  4:03  Drone x2  
  48  4:04  Drone  
  48  4:06  Zergling x2  
  52  4:12  Roach Warren  
  51  4:17  Zergling x4  
  51  4:19  Drone x2  
  51  4:21  Drone  
  51  4:22  Drone  
  57  4:25  Zergling x6  
  57  4:30  Zerg Melee Weapons Level 1  
  60  4:39  Overlord  
  60  4:42  Extractor, Drone x3  
  60  4:43  Drone x3  
  60  4:44  Drone  
  66  4:51  Overlord  
  66  4:52  Overlord  
  66  4:57  Spire  
  64  5:11  Extractor x2, Drone x2  
  64  5:12  Drone x9  
  73  5:18  Zergling x4  
  74  5:24  Zergling x2  
  74  5:25  Zergling x2  
  76  5:29  Zergling x2  
  76  5:30  Zergling x2  
  77  5:36  Baneling x2  
  77  5:39  Overlord, Hatchery  
  77  5:40  Zergling x6  
  79  5:45  Overlord  
  79  6:01  Drone x4  
  83  6:05  Overlord x2, Drone  
  83  6:10  Mutalisk x6, Zerg Flyer Armor Level 1  
  96  6:17  Drone x2  
  96  6:18  Overlord x2  
  98  6:22  Baneling x3  
  98  6:23  Baneling  
  98  6:26  Mutalisk  
  98  6:27  Mutalisk x2  
  98  6:29  Zergling x2  
  98  6:30  Zergling x2  
  106  6:32  Overlord  
  106  6:36  Mutalisk x2  
  95  6:50  Mutalisk  
  95  6:54  Extractor  
  91  6:56  Extractor  
  91  6:57  Queen  
  91  6:58  Drone x2  
  91  7:00  Drone x3  
  91  7:01  Drone x3  
  98  7:02  Mutalisk x2  
  98  7:06  Overlord  
  98  7:08  Queen  
  103  7:13  Mutalisk x2  
  109  7:16  Zergling x4  
  109  7:17  Baneling x2  
  109  7:19  Zergling x2  
  112  7:26  Zergling x2  
  112  7:27  Zergling x2  
  111  7:38  Mutalisk x4  
  111  7:43  Drone x3  
  117  7:49  Mutalisk x2  
  114  7:56  Drone x2  
  117  7:58  Drone x2  
  117  7:59  Mutalisk x2, Drone  
  117  8:03  Zergling x4  
  117  8:04  Baneling x2  
  125  8:06  Zerg Flyer Weapons Level 1  
  125  8:07  Overlord x2  
  125  8:10  Zergling x4  
  125  8:11  Zergling x2  
  128  8:13  Mutalisk  
  128  8:19  Mutalisk  
  132  8:23  Zergling x10  
  132  8:24  Zergling x2  
  132  8:26  Mutalisk  
  128  8:28  Zergling x2  
  128  8:29  Zergling x2  
  119  8:38  Mutalisk x3  
  120  8:42  Drone x2  
  120  8:43  Drone x2  
  124  8:50  Mutalisk x2  
  127  8:59  Mutalisk x2  
  131  9:03  Zergling x2  
  131  9:04  Zergling x8  
  136  9:12  Mutalisk x3  
  136  9:15  Overlord  
  142  9:26  Mutalisk x2  
  142  9:28  Drone x2  
  142  9:29  Drone  
  142  9:30  Zergling x2  
  142  9:31  Zergling x10  
  148  9:39  Mutalisk x2  
  148  9:40  Mutalisk  
  148  9:42  Zergling x6  
  157  9:49  Overlord  
  153  9:59  Baneling x2  
  152  10:04  Zergling x4  
  152  10:10  Mutalisk x2  
  152  10:11  Mutalisk  
  152  10:12  Zergling x6  
  125  10:23  Mutalisk  
  125  10:24  Mutalisk x2  
  130  10:31  Mutalisk  
  131  10:38  Hatchery  
  131  10:39  Drone  
  131  10:40  Drone x4  
  135  10:45  Mutalisk x2  
  138  10:54  Zergling x2  
  138  10:55  Zergling x8  
  118  11:06  Mutalisk x3  
  118  11:08  Zergling x4  
  114  11:14  Zergling x10  
  117  11:25  Zergling x6  
  120  11:32  Baneling x2  
  120  11:39  Mutalisk x3  
  126  11:47  Mutalisk x3  
  126  11:51  Zergling x2  
  126  11:52  Zergling x4  
  135  11:58  Mutalisk  
  133  12:13  Zergling x10  
  133  12:27  Mutalisk x2  
  133  12:28  Mutalisk  
  129  12:35  Mutalisk  
  131  12:42  Mutalisk  
  127  12:48  Zergling x4  
  129  12:54  Mutalisk  
Tags
 
Add a new tag
Caveats
  • Supply blocks, unpowered buildings, or Contaminate may cause inaccurate times.
  • Supply counts are checked every 10 seconds.